TOP OF THE 1ST |
Fort Wayne TinCaps batting - Pitching for Kane County Cougars : RHP Eric Richards
|
Pitching: RHP Eric Richards
|
|
Batting: SHB Adam Martin
|
0-0: Called Strike 0-1: Fly out, F8 (Flyball, 8LM, EV 89.4 MPH)
|
Batting: RHB Rodolfo Rivera
|
0-0: Ball 1-0: Called Strike 1-1: Ground out 5-3 (Groundball, 56, EV 91.3 MPH)
|
Batting: LHB Angel Mejia
|
0-0: Ball 1-0: Called Strike 1-1: Called Strike 1-2: SOLO HOME RUN (Flyball, 89XD, EV 99.4 MPH), Distance : 399 ft
|
Batting: RHB Juan Martinez
|
0-0: Ground out 6-3 (Groundball, 6, EV 82.5 MPH)
|
Top of the 1st over - 1 run, 1 hit, 0 errors, 0 left on base; Fort Wayne 1 - Kane County 0 |
BOTTOM OF THE 1ST |
Kane County Cougars batting - Pitching for Fort Wayne TinCaps : RHP Bill Jacobs
|
Pitching: RHP Bill Jacobs
|
|
Batting: RHB Dave Vargas
|
0-0: Foul Ball, location: 2F 0-1: Ball 1-1: Called Strike 1-2: Ball 2-2: SINGLE (Flyball, 5D, EV 92.5 MPH)
|
Batting: RHB Franklin Villanueva
|
0-0: DOUBLE (Line Drive, 7LS, EV 108.1 MPH) Dave Vargas to third Runner from 3rd tries for Home, SAFE, no throw by LF
|
Batting: LHB Kevin Ferguson
|
0-0: Ball 1-0: Called Strike 1-1: SINGLE (Line Drive, 7S, EV 91.3 MPH) Franklin Villanueva to third
|
Batting: LHB T.J. Duvall
|
0-0: Ball Kevin Ferguson steals 2nd base 1-0: Ball 2-0: Fly out, F8 (Flyball, 78M, EV 90.0 MPH) Runner from 3rd tags up, OUT at HOME! 8-2 Kevin Ferguson to third
|
Batting: RHB Marlon Reda
|
0-0: Called Strike 0-1: Called Strike 0-2: Foul Ball, location: 2F 0-2: Ball 1-2: Ball 2-2: Strikes out swinging
|
Bottom of the 1st over - 1 run, 3 hits, 0 errors, 1 left on base; Fort Wayne 1 - Kane County 1 |
TOP OF THE 2ND |
Fort Wayne TinCaps batting - Pitching for Kane County Cougars : RHP Eric Richards
|
Batting: LHB Mike Schermerhorn
|
0-0: Ball 1-0: Ball 2-0: Ball 3-0: Base on Balls
|
Batting: SHB Yutaro Takahashi
|
0-0: Ball 1-0: Foul Ball, location: 2F 1-1: Ball 2-1: Ball 3-1: Foul Ball, location: 2F 3-2: Fielders Choice at 2nd, 4-6 (Groundball, 4, EV 98.1 MPH)
|
Batting: LHB James Sousa
|
0-0: Called Strike 0-1: Ball 1-1: Foul Ball, location: 2F 1-2: 2-RUN HOME RUN (Flyball, 9D, EV 100.0 MPH), Distance : 366 ft
|
Batting: SHB Josh Parker
|
0-0: Ball 1-0: Ball 2-0: Ball 3-0: Called Strike 3-1: Foul Ball, location: 2F 3-2: Ground out 6-3 (Groundball, 56, EV 81.9 MPH)
|
Batting: RHB Brian Burd
|
0-0: Called Strike 0-1: Ball 1-1: Called Strike 1-2: Foul Ball, location: 2F 1-2: Ground out U3 (Groundball, 34, EV 83.1 MPH)
|
Top of the 2nd over - 2 runs, 1 hit, 0 errors, 0 left on base; Fort Wayne 3 - Kane County 1 |
BOTTOM OF THE 2ND |
Kane County Cougars batting - Pitching for Fort Wayne TinCaps : RHP Bill Jacobs
|
Batting: RHB John Pena
|
0-0: Called Strike 0-1: Foul Ball, location: 2F 0-2: Strikes out swinging
|
Batting: RHB Jake Hodge
|
0-0: Ball 1-0: Ball 2-0: Ball 3-0: Called Strike 3-1: Swinging Strike 3-2: Foul Ball, location: 2F 3-2: SINGLE (Groundball, 4MD, EV 101.9 MPH)
|
Batting: RHB Curt Barrett
|
0-0: Ball 1-0: Called Strike 1-1: Foul Ball, location: 2F 1-2: Grounds into double play, 6-4-3 (Groundball, 6, EV 93.1 MPH)
|
Bottom of the 2nd over - 0 runs, 1 hit, 0 errors, 0 left on base; Fort Wayne 3 - Kane County 1 |
TOP OF THE 3RD |
Fort Wayne TinCaps batting - Pitching for Kane County Cougars : RHP Eric Richards
|
Batting: SHB Adam Martin
|
0-0: Called Strike 0-1: Fly out, F7 (Flyball, 7, EV 78.1 MPH)
|
Batting: RHB Rodolfo Rivera
|
0-0: Ground out 5-3 (Groundball, 5, EV 90.6 MPH)
|
Batting: LHB Angel Mejia
|
0-0: Ball 1-0: Foul Ball, location: 2F 1-1: Called Strike 1-2: Fly out, F7 (Flyball, 7LM, EV 101.3 MPH)
|
Top of the 3rd over - 0 runs, 0 hits, 0 errors, 0 left on base; Fort Wayne 3 - Kane County 1 |
BOTTOM OF THE 3RD |
Kane County Cougars batting - Pitching for Fort Wayne TinCaps : RHP Bill Jacobs
|
Batting: LHB Brian Nielsen
|
0-0: Ball 1-0: Called Strike 1-1: Ball 2-1: Foul Ball, location: 2F 2-2: Foul Ball, location: 2F 2-2: Foul Ball, location: 2F 2-2: Strikes out swinging
|
Batting: RHB Dave Vargas
|
0-0: Swinging Strike 0-1: Ball 1-1: DOUBLE (Flyball, 8LXD, EV 97.5 MPH)
|
Batting: RHB Franklin Villanueva
|
0-0: Foul Ball, location: 2F 0-1: Ball Dave Vargas steals 3rd base 1-1: Fly out, F8 (Line Drive, 8RM, EV 94.4 MPH)
|
Batting: LHB Kevin Ferguson
|
0-0: Foul Ball, location: 2F 0-1: Fly out, F9 (Line Drive, 9D, EV 90.0 MPH)
|
Bottom of the 3rd over - 0 runs, 1 hit, 0 errors, 1 left on base; Fort Wayne 3 - Kane County 1 |
TOP OF THE 4TH |
Fort Wayne TinCaps batting - Pitching for Kane County Cougars : RHP Eric Richards
|
Batting: RHB Juan Martinez
|
0-0: Ball 1-0: Called Strike 1-1: SINGLE (Flyball, 3D, EV 85.6 MPH)
|
Batting: LHB Mike Schermerhorn
|
0-0: Ball Juan Martinez is caught stealing 2nd base 2-6 1-0: Ball 2-0: Called Strike 2-1: Ball 3-1: Reached on error, E4 (Groundball, 4, EV 88.8 MPH)
|
Batting: SHB Yutaro Takahashi
|
0-0: Ball 1-0: Swinging Strike 1-1: Swinging Strike 1-2: Strikes out swinging
|
Batting: LHB James Sousa
|
0-0: Ball 1-0: Called Strike 1-1: Foul Ball, location: 2F 1-2: Ball 2-2: Fly out, F7 (Line Drive, 7D, EV 111.9 MPH)
|
Top of the 4th over - 0 runs, 1 hit, 1 error, 1 left on base; Fort Wayne 3 - Kane County 1 |
BOTTOM OF THE 4TH |
Kane County Cougars batting - Pitching for Fort Wayne TinCaps : RHP Bill Jacobs
|
Batting: LHB T.J. Duvall
|
0-0: Called Strike 0-1: Ball 1-1: SINGLE (Groundball, 6MS, EV 73.1 MPH) (infield hit)
|
Batting: RHB Marlon Reda
|
0-0: Called Strike 0-1: Ball 1-1: Grounds into double play, 4-6-3 (Groundball, 4, EV 83.1 MPH)
|
Batting: RHB John Pena
|
0-0: Foul Ball, location: 2F 0-1: Ball 1-1: Swinging Strike 1-2: Ball 2-2: Fly out, F7 (Flyball, 7S, EV 97.5 MPH)
|
Bottom of the 4th over - 0 runs, 1 hit, 0 errors, 0 left on base; Fort Wayne 3 - Kane County 1 |
TOP OF THE 5TH |
Fort Wayne TinCaps batting - Pitching for Kane County Cougars : RHP Eric Richards
|
Batting: SHB Josh Parker
|
0-0: Ball 1-0: Swinging Strike 1-1: Ball 2-1: Foul Ball, location: 2F 2-2: Strikes out looking
|
Batting: RHB Brian Burd
|
0-0: Fly out, F8 (Flyball, 78D, EV 106.3 MPH)
|
Batting: SHB Adam Martin
|
0-0: Called Strike 0-1: Ball 1-1: Ball 2-1: Ball 3-1: Foul Ball, location: 2F 3-2: Base on Balls
|
Batting: RHB Rodolfo Rivera
|
0-0: Ball 1-0: Foul Ball, location: 2F 1-1: Ball Adam Martin steals 2nd base 2-1: Ball 3-1: SINGLE (Groundball, 6D, EV 106.9 MPH) Adam Martin to third Runner from 3rd tries for Home, throw by CF and OUT! 8-2
|
Top of the 5th over - 0 runs, 1 hit, 0 errors, 1 left on base; Fort Wayne 3 - Kane County 1 |
BOTTOM OF THE 5TH |
Kane County Cougars batting - Pitching for Fort Wayne TinCaps : RHP Bill Jacobs
|
Batting: RHB Jake Hodge
|
0-0: Swinging Strike 0-1: Swinging Strike 0-2: Foul Ball, location: 2F 0-2: Strikes out swinging
|
Batting: RHB Curt Barrett
|
0-0: SINGLE (Groundball, 56D, EV 94.4 MPH)
|
Batting: LHB Brian Nielsen
|
0-0: Fielders Choice at 2nd, 3-6 (Groundball, 34, EV 103.8 MPH)
|
Batting: RHB Dave Vargas
|
0-0: Fly out, F8 (Flyball, 8LS, EV 90.6 MPH)
|
Bottom of the 5th over - 0 runs, 1 hit, 0 errors, 1 left on base; Fort Wayne 3 - Kane County 1 |
TOP OF THE 6TH |
Fort Wayne TinCaps batting - Pitching for Kane County Cougars : RHP Eric Richards
|
Batting: LHB Angel Mejia
|
0-0: Fly out, F7 (Flyball, 7S, EV 71.3 MPH)
|
Batting: RHB Juan Martinez
|
0-0: Ball 1-0: Ball 2-0: Ball 3-0: Base on Balls
|
Batting: LHB Mike Schermerhorn
|
0-0: Called Strike 0-1: Ball 1-1: Called Strike 1-2: Strikes out swinging
|
Batting: SHB Yutaro Takahashi
|
0-0: Called Strike 0-1: Ball 1-1: Called Strike 1-2: Ball 2-2: Fly out, F9 (Line Drive, 9D, EV 95.6 MPH)
|
Top of the 6th over - 0 runs, 0 hits, 0 errors, 1 left on base; Fort Wayne 3 - Kane County 1 |
BOTTOM OF THE 6TH |
Kane County Cougars batting - Pitching for Fort Wayne TinCaps : RHP Bill Jacobs
|
Batting: RHB Franklin Villanueva
|
0-0: Ball 1-0: Foul Ball, location: 2F 1-1: Ground out 5-3 (Groundball, 5S, EV 91.9 MPH)
|
Batting: LHB Kevin Ferguson
|
0-0: Called Strike 0-1: Called Strike 0-2: Foul Ball, location: 2F 0-2: Ball 1-2: Ground out U3 (Groundball, 3L, EV 111.3 MPH)
|
Batting: LHB T.J. Duvall
|
0-0: Called Strike 0-1: Called Strike 0-2: Fly out, F8 (Line Drive, 8LD, EV 96.9 MPH)
|
Bottom of the 6th over - 0 runs, 0 hits, 0 errors, 0 left on base; Fort Wayne 3 - Kane County 1 |
TOP OF THE 7TH |
Fort Wayne TinCaps batting - Pitching for Kane County Cougars : RHP Eric Richards
|
Batting: LHB James Sousa
|
0-0: Ball 1-0: Swinging Strike 1-1: Swinging Strike 1-2: Ball 2-2: Ball 3-2: Strikes out swinging
|
Batting: SHB Josh Parker
|
0-0: SINGLE (Groundball, 4MD, EV 106.9 MPH)
|
Batting: RHB Brian Burd
|
0-0: Ball 1-0: Called Strike 1-1: Ground out 5-3 (Groundball, 5S, EV 76.3 MPH) Josh Parker to second
|
Batting: SHB Adam Martin
|
0-0: Ball 1-0: Ball 2-0: Called Strike 2-1: Foul Ball, location: 2F 2-2: SINGLE (Groundball, 34, EV 103.8 MPH) Josh Parker to third
|
Pitching: RHP Ming-feng Pi
|
|
Batting: RHB Rodolfo Rivera
|
0-0: Ball 1-0: Called Strike 1-1: Called Strike 1-2: Ball 2-2: Fly out, F7 (Flyball, 7, EV 91.3 MPH)
|
Top of the 7th over - 0 runs, 2 hits, 0 errors, 2 left on base; Fort Wayne 3 - Kane County 1 |
BOTTOM OF THE 7TH |
Kane County Cougars batting - Pitching for Fort Wayne TinCaps : RHP Bill Jacobs
|
Batting: RHB Marlon Reda
|
0-0: Ball 1-0: Called Strike 1-1: Ball 2-1: Ground out 6-3 (Groundball, 6MD, EV 81.9 MPH)
|
Pitching: RHP Andre Wiltz
|
|
Batting: RHB John Pena
|
0-0: Called Strike 0-1: Ball 1-1: Ball 2-1: Fly out, F5 (Popup, 56S, EV 55.0 MPH)
|
Batting: RHB Jake Hodge
|
0-0: Foul Ball, location: 2F 0-1: SINGLE (Groundball, 56D, EV 100.0 MPH)
|
Batting: RHB Curt Barrett
|
0-0: Called Strike 0-1: Ball 1-1: Foul Ball, location: 2F 1-2: Fly out, F9 (Flyball, 9D, EV 107.5 MPH)
|
Bottom of the 7th over - 0 runs, 1 hit, 0 errors, 1 left on base; Fort Wayne 3 - Kane County 1 |
TOP OF THE 8TH |
Fort Wayne TinCaps batting - Pitching for Kane County Cougars : RHP Ming-feng Pi
|
Batting: LHB Angel Mejia
|
0-0: Ball 1-0: Foul Ball, location: 2F 1-1: Foul Ball, location: 2F 1-2: Strikes out swinging
|
Batting: RHB Juan Martinez
|
0-0: Foul Ball, location: 2F 0-1: Ball 1-1: SINGLE (Groundball, 6MD, EV 96.9 MPH)
|
Batting: LHB Mike Schermerhorn
|
0-0: Called Strike 0-1: Ball Juan Martinez steals 2nd base 1-1: Foul Ball, location: 2F 1-2: Strikes out swinging
|
Batting: SHB Yutaro Takahashi
|
0-0: Swinging Strike 0-1: Ball 1-1: Ball 2-1: Ground out 6-3 (Groundball, 6M, EV 86.9 MPH)
|
Top of the 8th over - 0 runs, 1 hit, 0 errors, 1 left on base; Fort Wayne 3 - Kane County 1 |
BOTTOM OF THE 8TH |
Kane County Cougars batting - Pitching for Fort Wayne TinCaps : RHP Andre Wiltz
|
Pitching: RHP Marcus Hill
|
|
Batting: LHB Brian Nielsen
|
0-0: Foul Ball, location: 2F 0-1: Ground out 3-1 (Groundball, 34, EV 83.1 MPH)
|
Batting: RHB Dave Vargas
|
0-0: Called Strike 0-1: Foul Ball, location: 2F 0-2: Ground out 6-3 (Groundball, 6, EV 98.8 MPH)
|
Batting: RHB Franklin Villanueva
|
0-0: Ground out 3-1 (Groundball, 34S, EV 86.9 MPH)
|
Bottom of the 8th over - 0 runs, 0 hits, 0 errors, 0 left on base; Fort Wayne 3 - Kane County 1 |
TOP OF THE 9TH |
Fort Wayne TinCaps batting - Pitching for Kane County Cougars : RHP Ming-feng Pi
|
Batting: LHB James Sousa
|
0-0: Ball 1-0: Called Strike 1-1: Foul Ball, location: 2F 1-2: Foul Ball, location: 2F 1-2: Ball 2-2: SOLO HOME RUN (Flyball, 9LD, EV 95.6 MPH), Distance : 362 ft
|
Batting: SHB Josh Parker
|
0-0: Ball 1-0: Called Strike 1-1: Foul Ball, location: 2F 1-2: Ball 2-2: Ground out U3 (Groundball, 3L, EV 86.3 MPH)
|
Batting: RHB Brian Burd
|
0-0: SINGLE (Groundball, 34D, EV 97.5 MPH)
|
Batting: SHB Adam Martin
|
0-0: Ball 1-0: Ball 2-0: Foul Ball, location: 2F 2-1: Grounds into double play, 5-4-3 (Groundball, 56, EV 78.1 MPH)
|
Top of the 9th over - 1 run, 2 hits, 0 errors, 0 left on base; Fort Wayne 4 - Kane County 1 |
BOTTOM OF THE 9TH |
Kane County Cougars batting - Pitching for Fort Wayne TinCaps : RHP Marcus Hill
|
Pitching: RHP Travis White
|
|
Batting: LHB Kevin Ferguson
|
0-0: Ball 1-0: Foul Ball, location: 2F 1-1: Called Strike 1-2: Foul Ball, location: 2F 1-2: Ball 2-2: Foul Ball, location: 2F 2-2: Foul Ball, location: 2F 2-2: Ball 3-2: Base on Balls
|
Batting: LHB T.J. Duvall
|
0-0: Foul Ball, location: 2F 0-1: Ball 1-1: Ball 2-1: Foul Ball, location: 2F 2-2: SINGLE (Groundball, 25, EV 72.5 MPH) (infield hit) Kevin Ferguson to second
|
Batting: RHB Marlon Reda
|
0-0: Ball 1-0: Foul Ball, location: 2F 1-1: Swinging Strike 1-2: Strikes out looking
|
Batting: RHB John Pena
|
0-0: Ball 1-0: Swinging Strike 1-1: DOUBLE (Groundball, 5L, EV 102.5 MPH) Kevin Ferguson scores T.J. Duvall to third
|
Batting: RHB Jake Hodge
|
0-0: Ball 1-0: Called Strike 1-1: Ground out 1-3 (Groundball, 15S, EV 72.5 MPH)
|
Batting: RHB Curt Barrett
|
0-0: Ball 1-0: Foul Ball, location: 2F 1-1: Swinging Strike 1-2: Strikes out swinging
|
Bottom of the 9th over - 1 run, 2 hits, 0 errors, 2 left on base; Fort Wayne 4 - Kane County 2 |
|